Match 45204065
Unlisted

Match 45204065
End
Construct Infanterie Kompanie
Selects Luftwaffe Battlegroup
Selects Luftwaffe Pioneer Support
Fallschirmpioneer Squad Paradrop
GrW 34 Mortar Team
GrW 34 Mortar Team
Construct Panzergrenadier Kompanie
MG 42 Bunker
Selects Flak 38 Anti-Air Emplacement
Selects Stuka Strafing Run
Selects Fallschirmjäger Squad Paradrop
Fallschirmjäger Squad Paradrop
Medical Bunker
Pak 40 Anti-tank Gun Team
Fallschirmjäger Squad Paradrop
Selects Fragmentation Bombs
Fragmentation Bombs
Construct Panzer Kompanie
Selects Flak 36 Anti-tank Gun Emplacement
Fallschirmpioneer Squad Paradrop
Stuka Strafing Run
Fallschirmjäger Squad Paradrop
Fallschirmpioneer Squad Paradrop
Stuka Strafing Run
Fallschirmjäger Squad Paradrop
Panzer IV Medium Tank
Side Skirts
Thud
BIG13
Psnxer Ace
ronin
gabman6
CoH3Master
rhymo
lemerman2
0
0

Comments sign in to comment!

No comments posted yet!